 Dungeon Crawl Stone Soup version 0.28.0-45-g0d030f2227 (webtiles) character file.

Game seed: 10777374695314017499

402 GreyArmor the Skirmisher (level 6, -1/52 HPs)
             Began as a Palentonga Abyssal Knight on Apr 11, 2022.
             Was a Believer of Lugonu.
             Succumbed to Edmund's poison
             ... on level 4 of the Dungeon.
             The game lasted 00:13:31 (4069 turns).

GreyArmor the Skirmisher (PaAK)                     Turns: 4069, Time: 00:13:32

Health: -1/52      AC:  9    Str: 15 (17) XL:     6   Next: 55%
Magic:  6/7        EV:  2    Int:  8 (10) God:    Lugonu [**....]
Gold:   148        SH:  0    Dex:  9 (12) Spells: 5/5 levels left

rFire   . . .      SeeInvis +   f - +1 short sword (drain)
rCold   . . .      Faith    .   (no shield)
rNeg    . . .      Spirit   .   p - +0 plate armour
rPois   .          Reflect  .   (no helmet)
rElec   .          Harm     .   (no cloak)
rCorr   .          Rampage  .   (no gloves)
Will    .....                   (no barding)
Stlth   ..........              (no amulet)
HPRegen 0.17/turn               (no ring)
MPRegen 0.10/turn               (no ring)

@: lethally poisoned (-1 -> -22), unable to read
A: large, rugged brown scales 3, see invisible, deformed body, roll 1, armoured
tail, inability to read while threatened
a: Rolling Charge, Renounce Religion, Depart the Abyss, Bend Space


You were on level 4 of the Dungeon.
You worshipped Lugonu.
Lugonu was pleased with you.
You visited 1 branch of the dungeon, and saw 4 of its levels.
You visited the Abyss 1 time.

You collected 148 gold pieces.

Inventory:

Hand Weapons
 a - a +1 falchion
 f - a +1 short sword of draining (weapon)
 g - a +4 dagger
Missiles
 d - 6 javelins
Armour
 b - a +0 leather armour
 e - a +0 ring mail
 p - a +0 plate armour (worn)
Jewellery
 q - a ring of flight
Scrolls
 l - a scroll of teleportation
 m - a scroll of blinking
 n - a scroll of enchant armour {unknown}
 o - a scroll of torment {unknown}


   Skills:
 + Level 4.3 Fighting
 + Level 3.1(3.6) Short Blades
 + Level 2.5(3.3) Long Blades
 + Level 3.5 Armour
 + Level 1.3 Dodging
 + Level 0.3 Stealth
 + Level 2.6 Invocations


You had 5 spell levels left.
You didn't know any spells.
Your spell library contained the following spells:

 Spells                   Type           Power      Damage    Failure   Level
 Poisonous Vapours        Pois/Air       0%         N/A       100%        2
 Swiftness                Air            0%         N/A       100%        3
 Alistair's Intoxication  Tmut/Pois      0%         N/A       100%        5
 Freezing Cloud           Conj/Ice/Air   0%         6-21      100%        5


Dungeon Overview and Level Annotations

Branches:
Dungeon (4/15)
 Temple: D:4-7

Altars:
Ashenzari
Elyvilon
Fedhas
Makhleb
Nemelex Xobeh
Sif Muna
Vehumet
Xom
Yredelemnul
Zin

Annotations:
D:4 Edmund


Innate Abilities, Weirdness & Mutations

You are completely covered in rugged brown scales. (AC +3, +7% HP)
You have supernaturally acute eyesight. (SInv)
Armour fits poorly on your strangely shaped body.
You can roll at nearby foes to attack.
You have a long armoured tail.
You sometimes lose the ability to read scrolls when taking damage.


Message History

Your Short Blades skill increases to level 3!
Things that are here:
a +0 flail; a +0 leather armour Edmund the Younger comes into view.
He is wielding a +7 dire flail of venom and wearing a +1 chain mail of fire resistance.
Edmund shouts!
Edmund hits you with a +7 dire flail of venom.
You hit Edmund but do no damage. You drain Edmund.
Edmund is lightly wounded.
Edmund hits you but does no damage.
You are poisoned.
You closely miss Edmund.
Edmund is lightly wounded.
You feel sick. Edmund completely misses you.
You barely miss Edmund. You tail-slap Edmund!
Edmund is moderately wounded.
You feel sick.
Edmund hits you with a +7 dire flail of venom.
You feel threatened and lose the ability to read scrolls!
You are more poisoned.
You hit Edmund. You drain Edmund.
Edmund is moderately wounded.
You feel very sick.
Edmund mutters, "Who needs spells, anyway?"
Edmund hits you with a +7 dire flail of venom!
You are lethally poisoned!
You hit Edmund. Your punch misses Edmund.
Edmund is moderately wounded.
* * * LOW HITPOINT WARNING * * *
You feel very sick.
You aren't carrying any potions.
You cannot read scrolls in your current state!
Okay, then.
You hit Edmund but do no damage. You drain Edmund.
Edmund is moderately wounded.
* * * LOW HITPOINT WARNING * * *
You feel very sick.
Edmund hits you with a +7 dire flail of venom.
* * * LOW HITPOINT WARNING * * *
Space bends around you!
You blink.
You die...

#..... #..... #.....
#.### ##... #####..##
#........
#.###########.#####.#
#...@.@ยง......# #.#
#############.# #.#
#.#####.# #.......#
#########


You could see Edmund (drained).

Vanquished Creatures
  Sigmund (D:4)
  A bullfrog (D:4)
  An orc priest (D:4)
  A centaur skeleton (D:3)
  An orc wizard (D:4)
  4 adders
  2 worms (D:2)
  2 dart slugs (D:2)
  8 orcs (D:4)
  6 ball pythons
  3 endoplasms
  A giant cockroach (D:2)
  4 goblins
  3 hobgoblins (D:2)
  4 jackals
  3 quokkas
  4 bats (D:1)
  3 frilled lizards (D:2)
  3 kobolds
  4 rats
59 creatures vanquished.

Notes
Turn   | Place    | Note
-------+----------+-------------------------------------------
     0 | Abyss:1  | GreyArmor the Palentonga Abyssal Knight began the quest for
                  | the Orb.
     0 | Abyss:1  | Reached XP level 1. HP: 19/19 MP: 2/2
     0 | D:1      | Escaped the Abyss
    32 | D:1      | Found a faded altar of an unknown god.
    48 | D:1      | Reached * piety under Lugonu
   273 | D:1      | Got the Collected Works on Feathery Poisoning
   332 | D:1      | Reached XP level 2. HP: 25/25 MP: 3/3
  1087 | D:2      | Reached XP level 3. HP: 22/31 MP: 4/4
  1952 | D:3      | Reached ** piety under Lugonu
  1953 | D:3      | Reached XP level 4. HP: 36/39 MP: 5/5
  1991 | D:3      | Reached skill level 1 in Short Blades
  2531 | D:4      | Noticed Sigmund
  2538 | D:4      | Killed Sigmund
  2539 | D:4      | Reached skill level 4 in Fighting
  2539 | D:4      | Reached skill level 1 in Dodging
  2539 | D:4      | Reached XP level 5. HP: 37/44 MP: 6/6
  2539 | D:4      | Found a broken altar of Ashenzari.
  2539 | D:4      | Found a white marble altar of Elyvilon.
  2539 | D:4      | Found a basalt altar of Yredelemnul.
  2546 | D:4      | Found a burning altar of Makhleb.
  2547 | D:4      | Found a radiant altar of Vehumet.
  2550 | D:4      | Found a glowing silver altar of Zin.
  2551 | D:4      | Found a sparkling altar of Nemelex Xobeh.
  2554 | D:4      | Found a shimmering altar of Xom.
  2556 | D:4      | Found a shimmering blue altar of Sif Muna.
  2558 | D:4      | Found a blossoming altar of Fedhas.
  2614 | D:4      | Gained mutation: You are agile. (Dex +2) [potion of
                  | mutation]
  2614 | D:4      | Gained mutation: You are dopey. (Int -2) [potion of
                  | mutation]
  2614 | D:4      | Gained mutation: Your movements are slightly less
                  | encumbered by armour. (ER -2) [potion of mutation]
  2614 | D:4      | Gained mutation: You have sharp toenails. [potion of
                  | mutation]
  2615 | D:4      | Lost mutation: You are agile. (Dex +2) [potion of mutation]
  2615 | D:4      | Lost mutation: You have sharp toenails. [potion of
                  | mutation]
  2615 | D:4      | Gained mutation: You have sharp toenails. [potion of
                  | mutation]
  2616 | D:4      | Lost mutation: You have sharp toenails. [potion of
                  | mutation]
  2616 | D:4      | Lost mutation: You are dopey. (Int -2) [potion of mutation]
  2616 | D:4      | Lost mutation: Your movements are slightly less encumbered
                  | by armour. (ER -2) [potion of mutation]
  2616 | D:4      | Gained mutation: You sometimes lose the ability to read
                  | scrolls when taking damage. [potion of mutation]
  3580 | D:4      | Reached XP level 6. HP: 46/51 MP: 7/7
  3872 | D:4      | Noticed an orc warrior
  4059 | D:4      | Noticed Edmund
  4069 | D:4      | Succumbed to Edmund's poison

Illustrated notes

Levels and vault maps discovered:
D:1:      dpeg_arrival_simpleton_a, layout_basic,
          hellmonk_ecumenical_altar_lost_god
D:2:      layout_loops_ring, hangedman_decor_clover_reticule,
          minmay_tetromino_s2
D:3:      layout_loops_ring
D:4:      nicolae_BIG_FREAKIN_CUBE, layout_basic,
          nicolae_overflow_hallway_of_the_gods, uniq_edmund, uniq_sigmund,
          uniq_blork_the_orc

Skill      XL: |  1  2  3  4  5  6 |
---------------+-------------------+-----
Armour         | 2 3 |  3.5
Short Blades   | 2 3 |  3.1
Fighting       | 4 |  4.3
Dodging        | 1 |  1.3
Long Blades    | |  2.5
Stealth        | |  0.3
Invocations    | |  2.6

Action                   |  1- 3 |  4- 6 || total
-------------------------+-------+-------++-------
Melee: Falchion          |    13 |       ||    13
       Short sword       |    79 |   105 ||   184
       Tailslap          |     7 |    12 ||    19
       Punch             |     2 |     1 ||     3
Invok: Depart the Abyss  |     1 |       ||     1
       Bend Space        |       |     1 ||     1
  Use: Potion            |       |     7 ||     7
       Scroll            |       |     6 ||     6
Armor: Leather armour    |     6 |       ||     6
       Ring mail         |    31 |       ||    31
       Plate armour      |       |    67 ||    67
Dodge: Dodged            |    36 |     8 ||    44
